 Dungeon Crawl Stone Soup version 0.23-a0-171-g5ae17c6 (webtiles) character file.

673 Amnesiac the Chiller (level 7, 0/46 HPs)
             Began as a Mummy Ice Elementalist on Sept 12, 2018.
             Was an Initiate of Vehumet.
             Slain by a centaur (5 damage)
             ... on level 5 of the Dungeon.
             The game lasted 00:07:30 (3753 turns).

Amnesiac the Chiller (Mummy Ice Elementalist)       Turns: 3753, Time: 00:07:30

Health: 0/46       AC:  6    Str: 11    XL:     7   Next: 33%
Magic:  16/16      EV: 12    Int: 16    God:    Vehumet [......]
Gold:   342        SH:  0    Dex: 13    Spells: 4/18 levels left

rFire    x . .     SeeInvis .   a - +4 quarterstaff (speed)
rCold    + . .     Gourm    .   (shield currently unavailable)
rNeg     + + +     Faith    .   e - +1 robe (curse)
rPois    ∞         Spirit   .   c - +0 helmet
rElec    .         Reflect  .   (no cloak)
rCorr    .         Harm     .   i - +0 pair of gloves (curse)
MR       .....                  l - +0 pair of boots
Stlth    +++.......             (no amulet)
HPRegen  0.15/turn              o - ring of stealth
MPRegen  0.15/turn              f - ring of wizardry

@: no status effects
A: no food or potions, fire vulnerability, cold resistance 1, negative energy
resistance 3, torment resistance, unbreathing
a: Renounce Religion


You were on level 5 of the Dungeon.
You worshipped Vehumet.
Vehumet was noncommittal.
You were not hungry.

You visited 1 branch of the dungeon, and saw 5 of its levels.

You collected 342 gold pieces.

Inventory:

Hand Weapons
 a - a +4 quarterstaff of speed (weapon)
 b - a +0 blowgun
Missiles
 j - 64 poisoned needles
Armour
 c - a +0 helmet (worn)
 e - a cursed +1 robe (worn)
 i - a cursed +0 pair of gloves (worn)
 l - a +0 pair of boots (worn)
Jewellery
 f - a ring of wizardry (right hand)
 o - a ring of stealth (left hand)
Wands
 m - a wand of enslavement (10)
Scrolls
 d - 5 scrolls of identify {!r}
 g - a scroll of immolation {!r}
 h - 2 scrolls of teleportation {!r}
 k - a scroll of magic mapping {!r}
 n - 3 scrolls of remove curse {!r}
 p - 2 scrolls of enchant armour {!r}


   Skills:
 - Level 1.5 Dodging
 - Level 1.5 Stealth
 - Level 6.0 Spellcasting
 + Level 1.1 Conjurations
 - Level 6.0 Ice Magic


You had 4 spell levels left.
You knew the following spells:

 Your Spells              Type           Power        Failure   Level  Hunger
a - Freeze                Ice            ###.         1%          1    N/A
b - Summon Ice Beast      Ice/Summ       ##......     16%         4    N/A
d - Throw Icicle          Conj/Ice       ###.....     12%         4    N/A
e - Throw Frost           Conj/Ice       ###...       1%          2    N/A
z - Ozocubu's Armour      Chrm/Ice       ##......     4%          3    N/A

Your spell library contained the following spells:

 Spells                   Type           Power        Failure   Level  Hunger


Dungeon Overview and Level Annotations

Branches:
Dungeon (5/15)
 Temple: D:4-7

Altars:
Ashenzari
Gozag
Kikubaaqudgha
Qazlal
Sif Muna
Vehumet
The Shining One


Innate Abilities, Weirdness & Mutations

You do not eat or drink.
Your flesh is vulnerable to fire.
You are immune to poison.
Your flesh is cold resistant. (rC+)
You are immune to negative energy. (rN+++)
You are immune to unholy pain and torment.
You can survive without breathing.


Message History

Found a short sword and 7 gold pieces.
There is a stone staircase leading up here.
You see here a short sword.
A leopard gecko comes into view.
Casting: Freeze (safe; 1% risk of failure)
Confirm with . or Enter, or press ? or * to list all spells.
You can't see any susceptible monsters within range! (Use Z to cast anyway.)
A leopard gecko is nearby!
The leopard gecko hisses angrily.
Casting: Freeze (safe; 1% risk of failure)
Confirm with . or Enter, or press ? or * to list all spells.
You can't see any susceptible monsters within range! (Use Z to cast anyway.)
A leopard gecko is nearby!
The leopard gecko bites you but does no damage.
The leopard gecko misses you.
Casting: Freeze (safe; 1% risk of failure)
Confirm with . or Enter, or press ? or * to list all spells.
Aiming: Freeze (safe; 1% risk of failure)
Press: ? - help, Shift-Dir - straight line, f - leopard gecko
Aim: a leopard gecko You freeze the leopard gecko.
The leopard gecko seems to slow down.
The leopard gecko is lightly wounded.
A leopard gecko is nearby!
You hit the leopard gecko but do no damage.
The leopard gecko is lightly wounded.
The leopard gecko barely misses you.
Casting: Freeze (safe; 1% risk of failure)
Confirm with . or Enter, or press ? or * to list all spells.
Aiming: Freeze (safe; 1% risk of failure)
Press: ? - help, Shift-Dir - straight line, f/p - leopard gecko
Aim: a leopard gecko (lightly wounded, slow)
You freeze the leopard gecko.
You kill the leopard gecko!
Vehumet accepts your kill.
You now have 342 gold pieces (gained 7).
Magic restored.
A centaur comes into view.
The centaur shouts!
The centaur wields a shortbow.
The centaur shoots an arrow.
The arrow misses you.
A shadow imp comes into view.
You see here an arrow.
Casting: Freeze (safe; 1% risk of failure)
Confirm with . or Enter, or press ? or * to list all spells.
You can't see any susceptible monsters within range! (Use Z to cast anyway.)
There are monsters nearby!
The centaur shoots an arrow.
The arrow hits you!
You see here an arrow.
Casting: Freeze (safe; 1% risk of failure)
Confirm with . or Enter, or press ? or * to list all spells.
You can't see any susceptible monsters within range! (Use Z to cast anyway.)
There are monsters nearby!
The centaur shoots an arrow.
The arrow hits you!
* * * LOW HITPOINT WARNING * * *
The centaur shoots an arrow.
The arrow hits you!
* * * LOW HITPOINT WARNING * * *
The shadow imp shouts!
You see here 2 arrows.
Casting: Freeze (safe; 1% risk of failure)
Confirm with . or Enter, or press ? or * to list all spells.
You can't see any susceptible monsters within range! (Use Z to cast anyway.)
The centaur unwields an uncursed shortbow.
The centaur hits you.
You die...

####.##..... #.####...
##.######## #........#
#..#####.# #+## #..#
#.###...## #..###
#.##.....## #....#
#.#.......##
###....###...@c5....#
..........(.((.......+
###..................#
#.##..###.#.......##
#. ##.# #.##....### #.
#.# #.###...# #.# #.#
#+## #.# #.# #. ###


You could see a centaur and a shadow imp.

Vanquished Creatures
  Sigmund (D:3)
  An eye of draining (D:4)
  An ogre (D:4)
  A crimson imp (D:4)
  An orc priest (D:4)
  2 orc wizards (D:3)
  2 iguanas (D:4)
  A worker ant (D:4)
  A statue (D:4)
  A hound skeleton (D:3)
  Robin (D:2)
  An adder (D:3)
  An ooze (D:1)
  A worm (D:4)
  2 dart slugs (D:1)
  3 leopard geckos
  12 orcs
  2 bats (D:1)
  A giant cockroach (D:2)
  14 goblins
  8 hobgoblins
  4 jackals (D:1)
  5 kobolds
  A ball python (D:1)
  2 frilled lizards
  A jackal skeleton (D:4)
  7 rats
78 creatures vanquished.

Notes
Turn   | Place    | Note
-------+----------+-------------------------------------------
     0 | D:1      | Amnesiac the Mummy Ice Elementalist began the quest for the
                  | Orb.
     0 | D:1      | Reached XP level 1. HP: 13/13 MP: 4/4
   140 | D:1      | Reached XP level 2. HP: 19/19 MP: 3/5
   293 | D:1      | Learned a level 2 spell: Throw Frost
   296 | D:2      | Noticed Robin
   760 | D:1      | Reached XP level 3. HP: 17/24 MP: 0/7
   772 | D:1      | Learned a level 3 spell: Ozocubu's Armour
   835 | D:2      | Killed Robin
  1244 | D:3      | Noticed a fire elemental
  1246 | D:3      | Found a stormy altar of Qazlal.
  1247 | D:3      | Noticed an earth elemental
  1247 | D:3      | Noticed an air elemental
  1247 | D:3      | Noticed a water elemental
  1370 | D:4      | Noticed an eye of draining
  1401 | D:4      | Killed an eye of draining
  1401 | D:4      | Reached XP level 4. HP: 30/30 MP: 0/10
  1401 | D:4      | Reached XP level 5. HP: 35/35 MP: 0/11
  1588 | D:3      | Found a faded altar of an unknown god.
  1590 | D:3      | Noticed Sigmund
  1608 | D:3      | Killed Sigmund
  1608 | D:3      | Reached skill level 5 in Spellcasting
  1608 | D:3      | Reached skill level 5 in Ice Magic
  1608 | D:3      | Reached XP level 6. HP: 19/41 MP: 0/13
  1733 | D:4      | Found a deep blue altar of Sif Muna.
  1888 | D:4      | Found a glowing golden altar of the Shining One.
  2045 | D:4      | Reached XP level 7. HP: 38/46 MP: 7/15
  2102 | D:4      | Found a radiant altar of Vehumet.
  2232 | D:4      | Became a worshipper of Vehumet
  2402 | D:1      | You fall through a shaft!
  2649 | D:1      | Learned a level 4 spell: Summon Ice Beast
  2654 | D:1      | Learned a level 4 spell: Throw Icicle
  3100 | D:3      | Found an opulent altar of Gozag.
  3508 | D:4      | Found an ancient bone altar of Kikubaaqudgha.
  3539 | D:4      | Found a shattered altar of Ashenzari.
  3628 | D:4      | Reached skill level 1 in Conjurations
  3714 | D:5      | Entered Level 5 of the Dungeon
  3753 | D:5      | Slain by a centaur

Vault maps used:
D:1:      shiori_arrival_oz
D:2:      uniq_robin
D:3:      nicolae_qazlal_style_of_elements, old_standard_altar,
          chequers_ecumenical_altar_island, uniq_sigmund
D:4:      old_standard_altar, vehumet_statue, kiku_gazebo_pond_becter,
          lemuel_blue_sif_altar, cheibrodos_ashenzari_chains, first_ration,
          eino_small_chamber_without_monster
D:5:      lemuel_doored_altar, eat_drink_and_be_merry_uskayaw,
          ebering_ghost_reflecting_pool, minmay_misc_feat_alley,
          minmay_crossroads, uniq_prince_ribbit1

Skill      XL: |  1  2  3  4  5  6  7 |
---------------+----------------------+-----
Ice Magic      | 3 4 5 6 |  6.0
Spellcasting   | 3 4 5 6 |  6.0
Conjurations   | 1 |  1.1
Dodging        | |  1.5
Stealth        | |  1.5

Action                   |  1- 3 |  4- 6 |  7- 9 || total
-------------------------+-------+-------+-------++-------
Melee: Short sword       |    20 |       |       ||    20
       Unarmed           |     1 |       |       ||     1
       Quarterstaff      |    11 |    15 |    18 ||    44
 Cast: Freeze            |    56 |    30 |    21 ||   107
       Throw Frost       |       |     9 |     8 ||    17
       Ozocubu's Armour  |       |       |     1 ||     1
  Use: Scroll            |     5 |     6 |     3 ||    14
 Stab: Sleeping          |       |     1 |     1 ||     2
Armor: Robe              |    16 |     8 |    11 ||    35
Dodge: Dodged            |    62 |    29 |    13 ||   104

Table legend:
 A = Non-vault XP
 B = Vault XP
 C = Vault XP percentage of total XP
 D = Non-vault monster count
 E = Vault monster count
 F = Vault count percentage of total count
                 A         B        C        D         E       F
            +---------+---------+-------+---------+---------+-------
      Total |     671 |     291 |  30.2 |      63 |      15 |  19.2
            +---------+---------+-------+---------+---------+-------
        D:1 |      50 |      12 |  19.4 |      25 |       7 |  21.9
        D:2 |       5 |      24 |  82.8 |       3 |       6 |  66.7
        D:3 |     142 |     223 |  61.1 |      17 |       1 |   5.6
        D:4 |     471 |      32 |   6.4 |      17 |       1 |   5.6
        D:5 |       3 |       0 |   0.0 |       1 |       0 |   0.0
            +---------+---------+-------+---------+---------+-------
